[Event "Titled Tuesday Blitz November 01 Late 2022"]
[White "Spitzl, Vinzent"]
[Black "Zanette, Edgard Vinicius"]
[WhiteFideId "12901253"]
[BlackFideId "2109263"]
[WhiteElo "2247"]
[BlackElo "2236"]
[Result "1/2-1/2"]
[Round "04"]
[TimeControl "180+1"]
[Date "2022.11.02"]
[WhiteClock "0:00:02"]
[BlackClock "0:00:30"]

1. d4 Nf6 2. c4 e6 3. Nf3 b6 4. a3 Ba6 5. Qc2 Bb7 6. Bf4 Ne4 7. Nfd2 f5 8. f3 Nxd2 9. Qxd2 Bd6 10. Nc3 Qh4+ 11. g3 Bxf4 12. Qxf4 Qxf4 13. gxf4 Nc6 14. e3 O-O 15. Bd3 Ne7 16. Kf2 a6 17. b4 d6 18. Rhg1 g6 19. h4 Kf7 20. h5 Rh8 21. Rh1 Rag8 22. Rag1 gxh5 23. Rxg8 Nxg8 24. Rxh5 Nf6 25. Rh1 Rc8 26. e4 fxe4 27. fxe4 Rh8 28. Rh4 h5 29. d5 e5 30. fxe5 Ng4+ 31. Ke1 Nxe5 32. Be2 Kg6 33. Kd2 Kg5 34. Rh1 Bc8 35. c5 bxc5 36. bxc5 dxc5 37. Ke3 a5 38. Nb5 Rh7 39. d6 cxd6 40. Nxd6 Bg4 41. Bb5 Kh6 42. Rc1 Rc7 43. Kf4 Ng6+ 44. Kg3 Be6 45. Ne8 h4+ 46. Kh2 Rf7 47. Rxc5 Rf2+ 48. Kg1 Ra2 49. Rc3 h3 50. Nd6 h2+ 51. Kh1 Nh4 52. Bd3 Bg4 53. Rc2 Bf3+ 54. Kxh2 Rxc2+ 55. Bxc2 Ng6 56. Kg3 Be2 57. Nf5+ Kg5 58. Kf2 Ba6 59. Ke3 Ne5 60. Kd4 Nc4 61. Bd3 Nxa3 62. Bxa6 Nb1 63. Kd3 Kf4 64. Nd6 Na3 65. Nc4 Nb1 66. Kc2 Kxe4 67. Kxb1 Kd4 68. Kb2 Kc5 69. Kb3 a4+ 70. Kxa4 Kd4 71. Kb4 Kd5 72. Bb7+ Kd4 73. Kb5 Kd3 74. Bd5 Kc3 75. Kc5 Kd3 76. Nd6 Kc3 77. Ne4+ Kd3 78. Bc6 Ke3 79. Kd5 Kd3 80. Bb5+ Ke3 81. Ke5 Kf3 82. Bc4 Ke3 83. Kd5 Kf3 84. Bd3 Ke3 85. Bb1 Ke2 86. Kd4 Kf3 87. Bd3 Kf4 88. Nd2 Kg5 89. Nc4 Kf4 90. Ne5 Kg5 91. Ke4 Kf6 92. Bc4 Kg5 93. Be6 Kf6 94. Kd5 Kg5 95. Nd3 Kf6 96. Kd6 Kg5 97. Ke5 Kg6 98. Nf4+ Kg5 99. Nd5 Kg6 100. Bf5+ Kg5 101. Ne3 Kh6 102. Kf6 Kh5 103. Nd5 Kh6 104. Ne7 Kh5 105. Ng8 Kh4 106. Ne7 Kg3 107. Ke5 Kh4 108. Nd5 Kh5 109. Kf6 Kh6 110. Ne7 Kh5 111. Ng8 Kh4 112. Ke5 Kh5 113. Kf4 Kh4 114. Nf6 1/2-1/2


[Site "https://www.chess.com"]

[Event "Titled Tuesday Blitz November 01 Late 2022"]
[White "Suleymanli, Aydin"]
[Black "Dilanyan, Grigor"]
[WhiteFideId "13413937"]
[BlackFideId "13303570"]
[WhiteElo "2892"]
[BlackElo "2604"]
[Result "1-0"]
[Round "04"]
[TimeControl "180+1"]
[Date "2022.11.02"]
[WhiteClock "0:00:09"]
[BlackClock "0:00:10"]

1. e4 e5 2. Nc3 Nc6 3. Bc4 Nf6 4. d3 Na5 5. Nge2 Nxc4 6. dxc4 d6 7. f3 Be7 8. Be3 O-O 9. Qd3 Be6 10. g4 Nd7 11. b3 Bh4+ 12. Ng3 Bg5 13. Qd2 Bxe3 14. Qxe3 Qh4 15. O-O-O Nc5 16. Nf5 Bxf5 17. exf5 f6 18. Nb5 Rf7 19. b4 Na6 20. a3 Qg5 21. Kd2 Qxe3+ 22. Kxe3 Nb8 23. c5 a6 24. Nc3 dxc5 25. Rd8+ Rf8 26. Rxf8+ Kxf8 27. Nd5 cxb4 28. Nxc7 Ra7 29. axb4 Nc6 30. c3 b5 31. Ne6+ Kf7 32. Rd1 a5 33. Rd6 Ne7 34. Rd8 Nc6 35. Rc8 a4 36. Rxc6 a3 37. Nc5 a2 38. Nb3 a1=Q 39. Nxa1 Rxa1 40. Rc7+ Kf8 41. Rb7 Rc1 42. Kd3 Rd1+ 43. Ke3 Rc1 44. Kd2 Rf1 45. Rxb5 Rxf3 46. Rb8+ Ke7 47. Rb7+ Kd6 48. Rxg7 e4 49. Rxh7 Ke5 50. Re7+ Kf4 51. c4 Rf2+ 52. Kc3 e3 53. b5 Rxh2 54. b6 Rh1 55. b7 Rb1 56. c5 e2 57. c6 1-0


[Site "https://www.chess.com"]

[Event "Titled Tuesday Blitz November 01 Late 2022"]
[White "Szente Varga, Fruzsina"]
[Black "Kirillov, Dmitry"]
[WhiteFideId "712264"]
[BlackFideId "34180572"]
[WhiteElo "1994"]
[BlackElo "2095"]
[Result "0-1"]
[Round "04"]
[TimeControl "180+1"]
[Date "2022.11.02"]
[WhiteClock "0:00:16"]
[BlackClock "0:00:10"]

1. e4 c6 2. d4 d5 3. Nc3 dxe4 4. Nxe4 Nf6 5. Nxf6+ exf6 6. c3 Bd6 7. Bd3 O-O 8. Qc2 Re8+ 9. Ne2 h5 10. Bd2 Nd7 11. O-O-O Nf8 12. Ng3 h4 13. Nf5 Bxf5 14. Bxf5 Re2 15. Qd3 Rxf2 16. g3 Qa5 17. Bh3 Qxa2 18. gxh4 Qa1+ 19. Kc2 Qa4+ 20. Kb1 Re8 21. Rde1 Rxe1+ 22. Rxe1 Rxh2 23. Rg1 b5 24. Bh6 g6 25. h5 Qb3 26. Bc1 g5 27. Bg4 a5 28. Bd1 Qd5 29. Bc2 a4 30. Rf1 Kg7 31. Rf5 Qg2 32. Be3 Ne6 33. Rf2 Rh1+ 34. Ka2 Qd5+ 35. b3 Rxh5 36. c4 axb3+ 37. Bxb3 bxc4 38. Bxc4 Qa5+ 39. Kb2 Rh1 40. Qb3 Qa1+ 41. Kc2 Qd1+ 42. Kc3 Qxb3+ 43. Bxb3 Rh3 44. Kd2 Bf4 45. Bxf4 Nxf4 46. Ba2 Rd3+ 47. Kc2 Rxd4 48. Kc3 Rd3+ 49. Kc4 Rd5 50. Kc3 Rc5+ 51. Kd4 Ra5 52. Bc4 Ne6+ 53. Ke4 Kg6 54. Bd3 Re5+ 55. Kf3+ Kg7 56. Kg4 Nf4 57. Bf5 Re2 58. Rf1 Rg2+ 59. Kf3 Rd2 60. Kg4 Rg2+ 61. Kf3 Rb2 62. Kg4 Nd5 63. Rf3 Rb4+ 64. Kh3 Rh4+ 65. Kg2 Nf4+ 66. Kg3 Rh1 67. Rc3 Ne2+ 68. Kf3 Nxc3 69. Ke3 Rf1 70. Bd3 Rf4 71. Kd2 Nd5 72. Bb1 Rd4+ 73. Ke2 Nc3+ 74. Ke3 Nxb1 75. Kxd4 g4 76. Ke3 c5 77. Kf4 c4 78. Kxg4 c3 79. Kf3 c2 80. Ke4 c1=Q 81. Kd5 Qd2+ 0-1


[Site "https://www.chess.com"]

[Event "Titled Tuesday Blitz November 01 Late 2022"]
[White "Tan, Ralph"]
[Black "Bjelobrk, Igor"]
[WhiteFideId "30966590"]
[BlackFideId "4300726"]
[WhiteElo "2059"]
[BlackElo "2335"]
[Result "1-0"]
[Round "04"]
[TimeControl "180+1"]
[Date "2022.11.02"]
[WhiteClock "0:00:17"]
[BlackClock "0:00:04"]

1. Nf3 d5 2. g3 Nd7 3. d4 Ngf6 4. Bg2 e6 5. O-O b5 6. Qd3 a6 7. a4 b4 8. c3 c5 9. cxb4 cxb4 10. a5 Bb7 11. Nbd2 Be7 12. Nb3 O-O 13. Bd2 Qb8 14. Rfc1 Rc8 15. Rxc8+ Qxc8 16. Rc1 Qd8 17. Ne5 Nxe5 18. dxe5 Nd7 19. Qd4 Rc8 20. e4 Rxc1+ 21. Bxc1 dxe4 22. Be3 Qc7 23. Bxe4 Bxe4 24. Qxe4 Qxe5 25. Qxe5 Nxe5 26. Bc5 Kf8 27. Bxe7+ Kxe7 28. Nc5 Kd6 29. Nxa6 Nd3 30. Kf1 Kc6 31. Ke2 Nxb2 32. Nxb4+ Kb5 33. a6 Kb6 34. Ke3 Na4 35. Kd4 Nc5 36. Ke5 Nd7+ 37. Kd6 Nc5 38. a7 Nb7+ 39. Ke7 Kxa7 40. Kxf7 Nc5 41. Kxg7 Ne4 42. f4 h5 43. Kg6 Kb6 44. Kxh5 Kc5 45. Nd3+ Kd4 46. Ne5 Ke3 47. Kg4 Nf2+ 48. Kg5 Ne4+ 49. Kg6 Kf2 50. g4 Ke3 51. f5 exf5 52. gxf5 Kf4 53. Nd7 Kg4 54. Nf6+ 1-0


[Site "https://www.chess.com"]

[Event "Titled Tuesday Blitz November 01 Late 2022"]
[White "Tanenbaum, Zachary"]
[Black "Herman, Daniel"]
[WhiteFideId "2060850"]
[BlackFideId "30935008"]
[WhiteElo "2175"]
[BlackElo "1897"]
[Result "0-1"]
[Round "04"]
[TimeControl "180+1"]
[Date "2022.11.02"]
[WhiteClock "0:00:10"]
[BlackClock "0:00:43"]

1. e4 Nf6 2. e5 Nd5 3. d4 d6 4. Nf3 dxe5 5. Nxe5 Bf5 6. Qf3 e6 7. Bd3 Qf6 8. Bxf5 Qxf5 9. Qxf5 exf5 10. a3 Nd7 11. Nxd7 Kxd7 12. O-O b5 13. Nd2 g6 14. Nb3 a5 15. a4 b4 16. Re1 Bd6 17. Bd2 Nb6 18. Bg5 Rhe8 19. Rxe8 Rxe8 20. Kf1 Nc4 21. Rb1 Kc6 22. Nd2 Kd5 23. Nxc4 Kxc4 24. Rd1 b3 25. c3 c6 26. g3 Re4 27. Bd8 Re8 28. Bg5 Re4 29. f3 Re8 30. Kf2 Bc7 31. Rd2 Re6 32. Be3 f4 33. Bxf4 Bxf4 34. gxf4 Rf6 35. Kg3 Re6 36. Kf2 Rf6 37. Kg3 Re6 38. f5 gxf5 39. Kf4 Re1 40. Kxf5 Rc1 41. f4 Rc2 42. Rd1 Rxb2 43. Kf6 Rf2 44. f5 b2 45. Re1 Kxc3 46. Rb1 Kc2 47. Rxb2+ Kxb2 48. h4 Kb3 49. h5 Kxa4 50. h6 Kb4 51. Kxf7 Rxf5+ 52. Kg7 Rg5+ 53. Kxh7 Rh5 54. d5 cxd5 55. Kg6 Rxh6+ 56. Kg7 d4 57. Kf7 d3 58. Ke7 Kc5 59. Kd7 Rd6+ 60. Kc7 d2 61. Kb7 Rc6 62. Ka7 Rb6 63. Ka8 Kc6 64. Ka7 Kc7 65. Ka8 Ra6# 0-1


[Site "https://www.chess.com"]

[Event "Titled Tuesday Blitz November 01 Late 2022"]
[White "Tayar, Jonathan"]
[Black "Brown, Andrew"]
[WhiteFideId "2606534"]
[BlackFideId "3206513"]
[WhiteElo "2406"]
[BlackElo "2245"]
[Result "1-0"]
[Round "04"]
[TimeControl "180+1"]
[Date "2022.11.02"]
[WhiteClock "0:00:06"]
[BlackClock "0:00:05"]

1. e4 g6 2. d4 Bg7 3. Nc3 c6 4. Bc4 d6 5. Qf3 e6 6. Nge2 a5 7. a4 Nd7 8. Bf4 Nb6 9. Bb3 Ne7 10. h4 h5 11. Bg5 O-O 12. O-O-O Qc7 13. g4 hxg4 14. Qxg4 e5 15. Qf3 Be6 16. Bxe6 fxe6 17. Qh3 Qd7 18. h5 exd4 19. Nxd4 e5 20. Ne6 Rf3 21. Qxf3 Qxe6 22. hxg6 Nxg6 23. Qh5 Kf7 24. Be3 Nc4 25. Rdg1 Rg8 26. Rg3 Nxe3 27. fxe3 Bf6 28. Rhg1 Be7 29. Qf5+ Qf6 30. Rf1 Qxf5 31. exf5 Nf8 32. Rxg8 Kxg8 33. e4 Nh7 34. Kd1 Bg5 35. Ne2 Kf7 36. Nc1 d5 37. Nd3 Kf6 38. exd5 cxd5 39. Nc5 Nf8 40. Nxb7 e4 41. Nxa5 Ke5 42. Nc6+ Kd6 43. Nd4 Bf6 44. c3 Kc5 45. a5 Kc4 46. Ne6 Nd7 47. Nd4 Kd3 48. a6 e3 49. Re1 Bxd4 50. cxd4 Nb6 51. a7 Nc4 52. b3 Nb2+ 53. Kc1 Kc3 54. Rxe3+ 1-0


[Site "https://www.chess.com"]

[Event "Titled Tuesday Blitz November 01 Late 2022"]
[White "Timmermans, Mark"]
[Black "Mortazavi, Ali"]
[WhiteFideId "1026399"]
[BlackFideId "401323"]
[WhiteElo "2773"]
[BlackElo "2552"]
[Result "1-0"]
[Round "04"]
[TimeControl "180+1"]
[Date "2022.11.02"]
[WhiteClock "0:01:01"]
[BlackClock "0:00:08"]

1. Nf3 Nf6 2. c4 g6 3. b3 Bg7 4. Bb2 O-O 5. e3 d6 6. d4 Nbd7 7. Bd3 Re8 8. d5 c6 9. dxc6 bxc6 10. O-O e5 11. Be2 d5 12. Nc3 e4 13. Nd4 Ne5 14. cxd5 cxd5 15. Rc1 Bg4 16. Ncb5 Bxe2 17. Qxe2 Nd3 18. Nc6 Qd7 19. Ba3 Nxc1 20. Rxc1 Bf8 21. Bxf8 Rxf8 22. Qb2 Nh5 23. Qa3 Rfe8 24. Qd6 Qxd6 25. Nxd6 Re6 26. Nb5 Rf6 27. g4 Ng7 28. Ne7+ Kf8 29. Nxd5 Re6 30. Nbc7 Rd8 31. Nxe6+ Nxe6 32. Nc7 Ng5 33. Kg2 Rd2 34. Kg3 Rxa2 35. h4 Nf3 36. g5 Ne5 37. Nd5 Nd3 38. Rc8+ Kg7 39. Nf6 1-0


[Site "https://www.chess.com"]

[Event "Titled Tuesday Blitz November 01 Late 2022"]
[White "Valdes Romero, Leonardo"]
[Black "Vovk, Orest"]
[WhiteFideId "6500331"]
[BlackFideId "14113490"]
[WhiteElo "2494"]
[BlackElo "2215"]
[Result "1-0"]
[Round "04"]
[TimeControl "180+1"]
[Date "2022.11.02"]
[WhiteClock "0:00:05"]
[BlackClock "0:00:01"]

1. e4 g5 2. d3 h6 3. g3 Bg7 4. h4 d5 5. hxg5 dxe4 6. gxh6 Bxh6 7. Bxh6 Rxh6 8. Rxh6 Nxh6 9. Qh5 Qd6 10. Nc3 exd3 11. O-O-O Bg4 12. Qb5+ Nd7 13. Rxd3 Qc6 14. Qxc6 bxc6 15. Bg2 O-O-O 16. Bxc6 Rh8 17. Re3 Nf5 18. Re1 Rh2 19. f3 Nb8 20. fxg4 Nxg3 21. Be8 f6 22. Nf3 Rf2 23. Nd4 e5 24. Nf5 Nxf5 25. gxf5 Rxf5 26. Nd5 Rf2 27. Rg1 c6 28. Nc3 f5 29. b3 e4 30. Rg8 Kc7 31. Rg7+ Kd8 32. Bg6 e3 33. Rf7 f4 34. Bh5 Nd7 35. Rf5 Ke7 36. Kb2 Ke6 37. Rf7 Nf6 38. Bg6 Rg2 39. Rg7 Nh5 40. Bf7+ Kf6 41. Rxg2 Kxf7 42. Rg5 Nf6 43. Rf5 1-0


[Site "https://www.chess.com"]

[Event "Titled Tuesday Blitz November 01 Late 2022"]
[White "Vifleemskaia, Svetlana"]
[Black "Jimenez Fernandez, Rebeca"]
[WhiteFideId "4129490"]
[BlackFideId "32070934"]
[WhiteElo "1929"]
[BlackElo "1946"]
[Result "1-0"]
[Round "04"]
[TimeControl "180+1"]
[Date "2022.11.02"]
[WhiteClock "0:00:46"]
[BlackClock "0:00:02"]

1. d4 d5 2. c4 Nf6 3. cxd5 Nxd5 4. e4 Nf6 5. Nc3 e6 6. Nf3 c5 7. d5 Be7 8. d6 Qxd6 9. Qxd6 Bxd6 10. e5 Bxe5 11. Nxe5 O-O 12. Bd3 Nbd7 13. Nc4 a6 14. a4 b6 15. Nd6 Ne5 16. Be2 Bd7 17. O-O Bc6 18. Nc4 Ned7 19. Bf4 Nd5 20. Bd6 Rfd8 21. Bg3 b5 22. axb5 axb5 23. Nd6 Nxc3 24. bxc3 b4 25. cxb4 cxb4 26. Rab1 Rdb8 27. Nc4 Rb7 28. Ne5 1-0


[Site "https://www.chess.com"]

[Event "Titled Tuesday Blitz November 01 Late 2022"]
[White "Voigt, Martin"]
[Black "Munoz Sanchez, Miguel"]
[WhiteFideId "4607228"]
[BlackFideId "3600734"]
[WhiteElo "2356"]
[BlackElo "2166"]
[Result "1-0"]
[Round "04"]
[TimeControl "180+1"]
[Date "2022.11.02"]
[WhiteClock "0:00:10"]
[BlackClock "0:00:13"]

1. e4 e6 2. d4 d5 3. Nc3 Bb4 4. Ne2 Nf6 5. a3 Bxc3+ 6. Nxc3 dxe4 7. Bg5 h6 8. Bh4 g5 9. Bg3 Nc6 10. Bb5 Bd7 11. Bxc6 Bxc6 12. Be5 Qe7 13. h4 O-O-O 14. Qd2 Rhg8 15. hxg5 hxg5 16. O-O-O Ng4 17. Bg3 f5 18. Qe2 Nf6 19. Be5 Nd5 20. Nxd5 exd5 21. f4 g4 22. Rh5 Qd7 23. Rdh1 Bb5 24. Qd2 Rdf8 25. Rh7 Rf7 26. Rxf7 Qxf7 27. Qa5 a6 28. a4 b6 29. Qb4 Bc6 30. Rh6 Kb7 31. a5 b5 32. Qc5 Qd7 33. Rf6 Re8 34. Rg6 b4 35. Rg7 Qd8 36. Qb6+ Kc8 37. Rxc7+ 1-0


[Site "https://www.chess.com"]

[Event "Titled Tuesday Blitz November 01 Late 2022"]
[White "Vusatiuk, Vladimir"]
[Black "Gorodetzky, David"]
[WhiteFideId "14118610"]
[BlackFideId "2813416"]
[WhiteElo "2208"]
[BlackElo "2487"]
[Result "0-1"]
[Round "04"]
[TimeControl "180+1"]
[Date "2022.11.01"]
[WhiteClock "0:00:14"]
[BlackClock "0:00:58"]

1. Nf3 Nf6 2. c4 c5 3. g3 b6 4. Bg2 Bb7 5. O-O g6 6. b3 Bg7 7. Bb2 O-O 8. Nc3 d5 9. Nxd5 Nxd5 10. Bxg7 Kxg7 11. cxd5 Qxd5 12. d3 Nc6 13. Nd2 Qd7 14. Nc4 e5 15. h4 Rad8 16. h5 Rfe8 17. Qd2 Nd4 18. Bxb7 Qxb7 19. f3 b5 20. Ne3 f5 21. Rac1 Qe7 22. Ng2 e4 23. fxe4 fxe4 24. h6+ Kg8 25. Nf4 Qg5 26. Kg2 exd3 27. Qxd3 Nf5 28. Nh3 Rxd3 29. Nxg5 Rxg3+ 0-1


[Site "https://www.chess.com"]

[Event "Titled Tuesday Blitz November 01 Late 2022"]
[White "Weetik, Vjacheslav"]
[Black "Urbina Perez, Juan Antonio"]
[WhiteFideId "4153472"]
[BlackFideId "2217368"]
[WhiteElo "2469"]
[BlackElo "2197"]
[Result "1-0"]
[Round "04"]
[TimeControl "180+1"]
[Date "2022.11.02"]
[WhiteClock "0:00:39"]
[BlackClock "0:00:27"]

1. e4 c5 2. Nf3 d6 3. d4 cxd4 4. Nxd4 Nf6 5. Nc3 Nc6 6. Be2 g6 7. O-O Bg7 8. Nb3 O-O 9. Re1 b6 10. Bg5 Bb7 11. Bf1 Rc8 12. Nd5 Ne5 13. c3 Nxd5 14. exd5 h6 15. Bh4 g5 16. Bg3 Qc7 17. Nd4 Bxd5 18. Nf5 Be6 19. Nxg7 Kxg7 20. f4 gxf4 21. Bxf4 Ng6 22. Be3 Bc4 23. Qh5 Rh8 24. Rad1 Bxa2 25. c4 a5 26. Bd3 Bb3 27. Rc1 a4 28. Rf1 Qd7 29. Rxf7+ Kxf7 30. Qxg6+ 1-0


[Site "https://www.chess.com"]

[Event "Titled Tuesday Blitz November 01 Late 2022"]
[White "Wieczorek, Oskar"]
[Black "Rasulov, Vugar"]
[WhiteFideId "1133950"]
[BlackFideId "13402390"]
[WhiteElo "2404"]
[BlackElo "2509"]
[Result "0-1"]
[Round "04"]
[TimeControl "180+1"]
[Date "2022.11.01"]
[WhiteClock "0:00:04"]
[BlackClock "0:00:50"]

1. e4 c5 2. Nf3 e6 3. g3 Nc6 4. Bg2 Nf6 5. Nc3 d5 6. exd5 exd5 7. d4 Bg4 8. h3 Bh5 9. g4 Bg6 10. O-O Be7 11. dxc5 d4 12. Nb5 Bxc5 13. Re1+ Kf8 14. Bf4 h5 15. Ne5 Nxe5 16. Bxe5 hxg4 17. hxg4 d3 18. cxd3 Qxd3 19. Qxd3 Bxd3 20. Bd6+ Bxd6 21. Nxd6 Nxg4 22. Nxb7 Rb8 23. Rad1 Bf5 24. Rd4 g6 25. Nd6 Rxb2 26. Nxf5 gxf5 27. Rf4 Rh5 28. Ra4 Rg5 29. Rxa7 Nxf2 30. Kf1 Nd3 0-1


[Site "https://www.chess.com"]

[Event "Titled Tuesday Blitz November 01 Late 2022"]
[White "Winkels, Marcel"]
[Black "Pham, Khoi"]
[WhiteFideId "1003887"]
[BlackFideId "1054988"]
[WhiteElo "1900"]
[BlackElo "2475"]
[Result "0-1"]
[Round "04"]
[TimeControl "180+1"]
[Date "2022.11.02"]
[WhiteClock "0:00:02"]
[BlackClock "0:00:32"]

1. d4 f5 2. Bg5 h6 3. Bh4 g5 4. Bg3 Nf6 5. e3 Bg7 6. h4 g4 7. Nc3 O-O 8. Bd3 d6 9. Nge2 Qe8 10. d5 Nh5 11. Bh2 Na6 12. Nf4 Nc5 13. O-O Bf6 14. Bg3 Nxg3 15. fxg3 e5 16. dxe6 Nxe6 17. Bc4 Kh8 18. Qd3 Nc5 19. Qd2 h5 20. Rae1 Bg7 21. b4 Ne6 22. e4 Nxf4 23. gxf4 Qc6 24. Qd3 fxe4 25. Nxe4 Bf5 26. Bd5 Qb6+ 27. Kh1 c6 28. c4 cxd5 29. Qxd5 Qc6 30. Qd3 Rae8 0-1


[Site "https://www.chess.com"]

[Event "Titled Tuesday Blitz November 01 Late 2022"]
[White "Yanchenko, Roman"]
[Black "Tomaszewski, Kacper"]
[WhiteFideId "4137329"]
[BlackFideId "1127373"]
[WhiteElo "2782"]
[BlackElo "2554"]
[Result "1-0"]
[Round "04"]
[TimeControl "180+1"]
[Date "2022.11.02"]
[WhiteClock "0:01:28"]
[BlackClock "0:00:07"]

1. d4 d5 2. c4 e6 3. Nc3 a6 4. cxd5 exd5 5. Bf4 c6 6. e3 Bd6 7. Bg3 Ne7 8. Rb1 Bf5 9. Bd3 O-O 10. b4 Qd7 11. a4 Bxd3 12. Qxd3 Nf5 13. Nf3 Nxg3 14. hxg3 h6 15. Ng5 f5 16. Nf3 Qe7 17. b5 axb5 18. axb5 Ra3 19. O-O Nd7 20. bxc6 bxc6 21. Rfc1 Kh8 22. Ra1 Rxa1 23. Rxa1 Qe6 24. Ra6 Rc8 25. Nh4 g6 26. g4 Qf6 27. g3 fxg4 28. Nxd5 cxd5 29. Qxg6 Rf8 30. f4 gxf3 31. Rxd6 f2+ 32. Kf1 Qxg6 33. Nxg6+ Kg7 34. Nxf8 Nxf8 35. Rxd5 1-0


[Site "https://www.chess.com"]

[Event "Titled Tuesday Blitz November 01 Late 2022"]
[White "Zakhartsov, Vladimir"]
[Black "Melkumyan, Hrant"]
[WhiteFideId "4145097"]
[BlackFideId "13302485"]
[WhiteElo "2492"]
[BlackElo "2604"]
[Result "1/2-1/2"]
[Round "04"]
[TimeControl "180+1"]
[Date "2022.11.01"]
[WhiteClock "0:00:06"]
[BlackClock "0:00:05"]

1. d4 d5 2. c4 e6 3. Nf3 Nf6 4. g3 dxc4 5. Bg2 c6 6. Ne5 Bb4+ 7. Nc3 Nd5 8. O-O Nxc3 9. bxc3 Bxc3 10. Ba3 Qxd4 11. Qxd4 Bxd4 12. Nxc4 Bxa1 13. Nd6+ Kd7 14. Rxa1 f6 15. Rd1 Kc7 16. Nf7 Rg8 17. Bd6+ Kb6 18. Rb1+ Ka6 19. a4 Bd7 20. Bc7 Rc8 21. Bf4 e5 22. Bd2 Be6 23. Nd6 Rd8 24. Bb4 b6 25. Be4 Rxd6 26. Bxd6 Kb7 27. a5 Na6 28. Bxh7 Rd8 29. Be7 Rd7 30. Bf8 Nc7 31. h4 Bc4 32. Rb2 Ne6 33. Bb4 Nd4 34. e3 Nf3+ 35. Kg2 c5 36. Bc3 Bd5 37. e4 Bc6 38. axb6 axb6 39. Ba5 Ka6 40. Bxb6 Ne1+ 41. Kf1 Nd3 42. Rb1 Bb5 43. Bf5 Rd4 44. Bc7 c4 45. Kg2 c3 46. Ra1+ Kb7 47. Ba5 c2 48. Bd2 Nf4+ 49. gxf4 Rxd2 50. Rc1 Bd3 51. Bg4 Bxe4+ 52. Kf1 f5 53. Ke1 Rd4 54. f3 fxg4 55. fxe4 Rxe4+ 56. Kd2 Rc4 57. fxe5 g3 58. Kd3 Rc8 59. e6 g2 60. e7 Re8 61. Rg1 Rxe7 62. Kxc2 Re2+ 63. Kd3 Ra2 64. Ke3 Kc6 65. Kf3 Kd5 66. Rxg2 Rxg2 67. Kxg2 Ke4 68. Kg3 Kf5 69. Kf3 g5 70. hxg5 Kxg5 1/2-1/2


[Site "https://www.chess.com"]

[Event "Titled Tuesday Blitz November 01 Late 2022"]
[White "Zhigalko, Sergei"]
[Black "Manolache, Marius"]
[WhiteFideId "13502956"]
[BlackFideId "1201530"]
[WhiteElo "2857"]
[BlackElo "2589"]
[Result "1-0"]
[Round "04"]
[TimeControl "180+1"]
[Date "2022.11.02"]
[WhiteClock "0:00:24"]
[BlackClock "0:00:20"]

1. e4 c5 2. Nf3 e6 3. c3 Nf6 4. e5 Nd5 5. Bc4 d6 6. d4 cxd4 7. cxd4 Nc6 8. O-O Be7 9. Bd2 dxe5 10. dxe5 Nb6 11. Bb3 Nd4 12. Ba4+ Bd7 13. Nxd4 Bxa4 14. Qg4 g6 15. Nc3 h5 16. Qe4 Qd7 17. Rac1 Rd8 18. Be3 O-O 19. b3 Bc6 20. Nxc6 bxc6 21. Na4 Nxa4 22. Qxa4 c5 23. Qxd7 Rxd7 24. Bxc5 Bxc5 25. Rxc5 Rb8 26. Rfc1 Rd1+ 27. Rxd1 1-0


[Site "https://www.chess.com"]

[Event "Titled Tuesday Blitz November 01 Late 2022"]
[White "Zierk, Steven"]
[Black "Sai Krishna G V"]
[WhiteFideId "2034255"]
[BlackFideId "5028280"]
[WhiteElo "2494"]
[BlackElo "2359"]
[Result "1-0"]
[Round "04"]
[TimeControl "180+1"]
[Date "2022.11.01"]
[WhiteClock "0:01:02"]
[BlackClock "0:00:41"]

1. e4 e5 2. Nf3 Nc6 3. Bc4 Nf6 4. d4 exd4 5. e5 d5 6. Bb5 Ne4 7. Nxd4 Bd7 8. Bxc6 bxc6 9. O-O Bc5 10. Be3 Bb6 11. Nd2 c5 12. N4b3 Nxd2 13. Qxd2 d4 14. Bg5 Qc8 15. c3 Be6 16. cxd4 Bxb3 17. dxc5 Bc4 18. Rfc1 Qe6 19. cxb6 axb6 20. Qb4 b5 21. b3 h6 22. Bh4 g5 23. Bg3 Bd5 24. Rxc7 Bxb3 25. Rac1 Bxa2 26. R1c6 Kd8 27. Rxe6 Bxe6 28. Qe7# 1-0


[Site "https://www.chess.com"]

[Event "Titled Tuesday Blitz November 01 Late 2022"]
[White "Golubova, Anna"]
[Black "O`Gorman, Tom"]
[WhiteFideId "24173606"]
[BlackFideId "2508249"]
[WhiteElo "2047"]
[BlackElo "2271"]
[Result "1-0"]
[Round "05"]
[TimeControl "180+1"]
[Date "2022.11.02"]
[WhiteClock "0:00:23"]
[BlackClock "0:00:18"]

1. Nf3 Nf6 2. g3 g6 3. Bg2 Bg7 4. O-O O-O 5. d3 c5 6. e4 b5 7. a4 b4 8. Nbd2 Bb7 9. Nc4 a5 10. Re1 d5 11. exd5 Nxd5 12. d4 Qc7 13. dxc5 Qxc5 14. Nce5 Rd8 15. Nd3 Qc7 16. Bg5 h6 17. Bd2 Nc6 18. Rc1 Rac8 19. Nc5 Ba8 20. Nd3 e6 21. Qe2 Nb6 22. b3 Nd5 23. h4 Nc3 24. Bxc3 Bxc3 25. Red1 Nd4 26. Nxd4 Bxd4 27. Bxa8 Rxa8 28. Nf4 Rac8 29. Qe4 Bb2 30. Rxd8+ Rxd8 31. Rb1 Bg7 32. Re1 Rd2 33. Re2 Rxe2 34. Qxe2 Be5 35. Nd3 Bd4 36. Kh2 Qb6 37. h5 g5 38. Kg2 Kg7 39. Ne5 Qb7+ 40. Kg1 Qc7 41. Nc4 Qxg3+ 42. Kf1 Qh3+ 43. Kg1 Qg3+ 44. Kf1 Qf4 45. Nxa5 g4 46. Kg2 Be5 47. Qd3 Qh2+ 48. Kf1 g3 49. fxg3 Bxg3 50. Qd4+ Be5 51. Qg1+ Qxg1+ 52. Kxg1 Kf6 53. Nc6 Bd6 54. a5 e5 55. a6 Bc5+ 56. Kg2 Kg5 57. Nxe5 Kxh5 58. Nc6 Kg5 59. a7 Bxa7 60. Nxa7 Kf4 61. Nc6 Ke4 62. Nxb4 Kd4 63. Nd3 Kc3 64. b4 Kxc2 65. b5 Kxd3 66. b6 1-0


[Site "https://www.chess.com"]

[Event "Titled Tuesday Blitz November 01 Late 2022"]
[White "Aggelis, Nikolaos"]
[Black "Hemam, Moulaye Brahim"]
[WhiteFideId "4213220"]
[BlackFideId "19600054"]
[WhiteElo "2187"]
[BlackElo "2088"]
[Result "1-0"]
[Round "05"]
[TimeControl "180+1"]
[Date "2022.11.02"]
[WhiteClock "0:01:22"]
[BlackClock "0:00:15"]

1. d4 Nf6 2. g3 g6 3. Bg2 Bg7 4. Nf3 O-O 5. O-O d6 6. b3 c5 7. c4 Ne4 8. Bb2 Nc6 9. Nbd2 Nxd2 10. Qxd2 cxd4 11. Nxd4 Nxd4 12. Bxd4 Bxd4 13. Qxd4 Qc7 14. Rac1 Rb8 15. Qxa7 Bd7 16. c5 dxc5 17. Qxc5 Qxc5 18. Rxc5 b6 19. Rc7 Rfd8 20. a4 Be6 21. b4 Rd4 22. Rb1 Ba2 23. Ra1 Be6 24. a5 bxa5 25. bxa5 Bd5 26. Bxd5 Rxd5 27. Rxe7 Ra8 28. a6 Rd6 29. a7 Kg7 30. Rb7 Re6 31. Ra3 Ree8 32. Rf3 Rf8 33. Re3 Kf6 34. Ree7 h5 35. Kg2 g5 36. h3 g4 37. hxg4 hxg4 38. f3 gxf3+ 39. exf3 Kg6 40. g4 Kf6 41. Kg3 Kg6 42. f4 Kf6 43. Rec7 Kg6 44. Rd7 Kf6 45. g5+ Kg6 46. Kg4 f5+ 47. Kg3 Rg8 48. Rh7 Rad8 49. Rh6# 1-0


[Site "https://www.chess.com"]

[Event "Titled Tuesday Blitz November 01 Late 2022"]
[White "Aizpurua, Patrick Emilio"]
[Black "Lopez Del Alamo, Antonio"]
[WhiteFideId "6600522"]
[BlackFideId "2227339"]
[WhiteElo "2378"]
[BlackElo "2175"]
[Result "1-0"]
[Round "05"]
[TimeControl "180+1"]
[Date "2022.11.02"]
[WhiteClock "0:02:10"]
[BlackClock "0:00:56"]

1. d4 Nf6 2. c4 g6 3. Nc3 Bg7 4. e4 d6 5. Be2 O-O 6. Be3 Na6 7. Nf3 e5 8. d5 Ng4 9. Bg5 f6 10. Bd2 Nh6 11. Qc1 Nf7 12. h4 f5 13. Ng5 f4 14. Ne6 Bxe6 15. dxe6 Nh6 16. Nd5 Bf6 17. g3 c6 18. Nxf6+ Qxf6 19. gxf4 exf4 20. h5 g5 21. Rg1 Kh8 22. Bc3 1-0


[Site "https://www.chess.com"]